Map: Terraformation EC (Void)

Players

Nina (Lillekanin) - Winner!

  • Race: Terran Terran
  • League: Master

zuka

  • Race: Protoss Protoss
  • League: Diamond

VOD

Have the link to the VOD?

Description

Time

  • Played on: Aug. 10, 2015, 11:34 a.m.
  • Length: 4:31
Show
View Real Time Build Order
Export as new Build Order

Nina Terran - Winner!

Build Orders:  

Get SALT Encoding   

  12  0:00  SCV  
  13  0:13  SCV  
  14  0:17  Supply Depot  
  14  0:25  SCV  
  15  0:39  SCV  
  15  0:40  Barracks  
  16  0:44  Refinery  
  16  0:51  SCV  
  17  1:03  SCV  
  18  1:15  SCV  
  19  1:20  Barracks  
  19  1:29  Orbital Command  
  19  1:30  Barracks Reactor  
  19  1:42  Supply Depot  
  19  1:56  SCV  
  20  2:09  Factory  
  20  2:10  Marine x2  
  20  2:14  SCV  
  20  2:15  Barracks Tech Lab, Bunker  
  23  2:20  Supply Depot  
  23  2:28  SCV, Marine x2  
  26  2:34  Marauder  
  28  2:40  SCV  
  28  2:42  Concussive Shells  
  29  2:46  Marine x2  
  31  2:52  SCV  
  31  2:55  Marauder  
  34  2:58  Supply Depot  
  34  3:03  Refinery  
  34  3:04  SCV  
  35  3:06  Marine x2  
  37  3:19  Widow Mine  
  39  3:20  Marine  
  39  3:24  Marine  
  41  3:32  SCV  
  42  3:38  Marine  
  43  3:43  Command Center  
  43  3:46  SCV  
  44  3:49  Widow Mine  
  44  3:53  Marine  
  47  4:03  Supply Depot  
  47  4:13  Starport  
  47  4:14  SCV  
Show
View Real Time Build Order
Export as new Build Order

zuka Protoss 

Build Orders:  

Get SALT Encoding   

  12  0:09  Pylon  
  12  0:13  Probe  
  13  0:27  Gateway  
  13  0:30  Probe (Chrono Boost)  
  15  0:42  Probe (Chrono Boost)  
  15  0:43  Assimilator  
  15  0:49  Probe (Chrono Boost)  
  16  1:00  Probe  
  16  1:01  Gateway  
  17  1:12  Probe  
  17  1:15  Cybernetics Core  
  18  1:24  Probe  
  19  1:27  Pylon  
  19  1:36  Probe  
  20  1:48  Probe  
  20  1:51  Adept (Chrono Boost)  
  20  1:52  Adept (Chrono Boost)  
  25  2:16  Nexus  
  25  2:20  Mothership Core (Chrono Boost)  
  27  2:25  Assimilator  
  27  2:35  Probe, Pylon  
  28  2:47  Probe  
  29  2:59  Probe  
  30  3:06  Twilight Council  
  30  3:11  Probe  
  31  3:15  Pylon  
  31  3:21  Adept (Chrono Boost)  
  33  3:29  Adept (Chrono Boost)  
  33  3:33  Pylon  
  31  3:34  Pylon  
  31  3:38  Pylon  
  32  3:48  Probe x2  
  33  4:00  Gateway  
  33  4:08  Probe x2  
Tags
 
Add a new tag
Caveats
  • Supply blocks, unpowered buildings, or Contaminate may cause inaccurate times.
  • Supply counts are checked every 10 seconds.